 Dungeon Crawl Stone Soup version 0.18.1-8-gdd0e5ea (webtiles) character file.

91 Hajonta the Poker (level 4, -3/37 HPs)
             Began as a Centaur Gladiator on June 9, 2016.
             Was an Initiate of the Shining One.
             Slain by an ogre
             ... wielding a +0 giant club
              (7 damage)
             ... on level 4 of the Dungeon.
             The game lasted 00:23:25 (1393 turns).

Hajonta the Poker (Centaur Gladiator)               Turns: 1393, Time: 00:23:26

Health: -3/37      AC:  9    Str: 18    XL:     4   Next: 34%
Magic:  4/4        EV:  8    Int:  7    God:    the Shining One [......]
Gold:   39         SH:  0    Dex: 10    Spells: 0 memorised, 3 levels left

rFire  . . .     SeeInvis .     a - +1 trident {dick}
rCold  . . .     Gourm    .     b - +0 leather armour
rNeg   + . .     Faith    .     (no shield)
rPois  .         Spirit   .     c - +0 helmet
rElec  .         Dismiss  .     (no cloak)
rCorr  .         Reflect  .     (no gloves)
SustAt .         Harm     .     k - +0 centaur barding
MR     .....     Rnd*Rage +     (no amulet)
Stlth  ..........               (no ring)
                                e - ring of positive energy

@: glowing, very quick, not resistant to hostile enchantments, extremely
unstealthy
A: hooves 3, berserk 1, deformed body, speed 2, mutation resistance 1, tough
skin 3
a: Renounce Religion


You were on level 4 of the Dungeon.
You worshipped the Shining One.
The Shining One was noncommittal.
You were very full.

You visited 1 branch of the dungeon, and saw 4 of its levels.

You collected 39 gold pieces.

Inventory:

Hand Weapons
 a - a +1 trident (weapon) {dick}
Missiles
 d - 2 throwing nets (quivered)
Armour
 b - a +0 leather armour (worn)
 c - a +0 helmet (worn)
 h - a +0 ring mail
 k - a +0 centaur barding (worn)
 l - a +0 ring mail
Jewellery
 e - a ring of positive energy (left hand)
Scrolls
 f - a scroll of amnesia
 i - a scroll of teleportation
Comestibles
 g - 2 fruits
 j - a bread ration


   Skills:
 + Level 2.3 Fighting
 + Level 3.2 Polearms
 + Level 2.5 Throwing
 + Level 0.8 Armour
 + Level 3.0 Dodging
 + Level 0.1 Stealth


You had 3 spell levels left.
You didn't know any spells.

Dungeon Overview and Level Annotations

Branches:
Dungeon (4/15)
 Temple: D:4-7

Altars:
Cheibriados
Xom
The Shining One


Innate Abilities, Weirdness & Mutations

You have hooves in place of feet.
Armour fits poorly on your strangely shaped body.
You cover ground very quickly.
You have extremely tough skin (AC +3).
You tend to lose your temper in combat.
You are somewhat resistant to further mutation.


Message History

The ogre shouts!
Found a short sword and 7 gold pieces.
Found an orange potion.
A hound comes into view.
The hound barks!
The ogre barely misses you.
You hit the ogre. You kick the ogre.
The ogre is lightly wounded.
The hound barely misses you. The ogre hits you with a giant club.
You closely miss the hound. Your kick misses the hound. The hound bites you.
The hound bites you but does no damage.
You barely miss the hound. You kick the hound.
The hound is lightly wounded.
The hound closely misses you. The ogre hits you with a giant club!
* * * LOW HITPOINT WARNING * * *
You hit the hound. You kick the hound.
The hound is moderately wounded.
The hound bites you but does no damage. The hound barely misses you.
The ogre hits you with a giant club!
You die...

#.. .....
#..# ..!..
#..#####.....
#............
#............
#............
#.....$......
#..O.........
#..@h...)....
#..#########.
#..# #..#
#..# #..#
##### #..#
..... #..#
.....o
#####..#
....o.#


You could see an ogre and a hound.

Vanquished Creatures
  An orc wizard (D:4)
  An adder (D:3)
  2 worms
  2 dart slugs (D:1)
  4 orcs (D:4)
  4 giant cockroaches
  10 goblins
  3 hobgoblins
  A quokka (D:3)
  5 bats
  A giant newt (D:1)
  4 kobolds
  A rat (D:1)
  2 plants (D:3)
41 creatures vanquished.

Notes
Turn   | Place    | Note
--------------------------------------------------------------
     0 | D:1      | Hajonta the Centaur Gladiator began the quest for the Orb.
     0 | D:1      | Reached XP level 1. HP: 17/17 MP: 1/1
   283 | D:1      | Reached XP level 2. HP: 24/24 MP: 2/2
   587 | D:2      | Found a shimmering altar of Xom.
   610 | D:2      | Found a faded altar to an unknown god.
   673 | D:2      | Became a worshipper of Xom the Elder Chaos God
   735 | D:2      | Gained mutation: You tend to lose your temper in combat. [potion of mutation]
   735 | D:2      | Gained mutation: You are somewhat resistant to further mutation. [potion of mutation]
   821 | D:2      | Reached XP level 3. HP: 27/29 MP: 3/3
   931 | D:2      | XOM: silly message
  1001 | D:2      | XOM: harmless Summ miscast
  1176 | D:3      | XOM: divination: detect creatures
  1221 | D:3      | Found a glowing golden altar of the Shining One.
  1230 | D:3      | Found a snail-covered altar of Cheibriados.
  1230 | D:3      | Found a shimmering altar of Xom.
  1235 | D:3      | Fell from the grace of Xom
  1235 | D:3      | Became a worshipper of the Shining One
  1338 | D:4      | Reached XP level 4. HP: 36/37 MP: 4/4
  1381 | D:4      | Noticed an ogre
  1393 | D:4      | Slain by an ogre

Skill      XL: |  1  2  3 |
---------------+----------+-----
Polearms       | 3 |  3.2
Dodging        | 3 |  3.0
Fighting       | |  2.3
Throwing       | |  2.5
Armour         | |  0.8
Stealth        | |  0.1

Action                   |  1- 3 |  4- 6 || total
-------------------------+-------+-------++-------
Melee: Trident           |   155 |    13 ||   168
       Kick              |    35 |     3 ||    38
Throw: Throwing net      |     1 |       ||     1
  Use: Scroll            |     6 |       ||     6
       Potion            |     5 |       ||     5
  Eat: Bread ration      |     1 |       ||     1
       Fruit             |     2 |       ||     2
       Meat ration       |     1 |       ||     1
Armor: Leather armour    |    35 |     2 ||    37
       Ring mail         |    27 |       ||    27
Dodge: Dodged            |    66 |     6 ||    72
